NCAA
NORTHWESTERN WILDCATS @ GEORGETOWN HOYAS
05/02/2023
 
TOP OF THE 1ST
Northwestern Wildcats batting - Pitching for Georgetown Hoyas : RHP John Jones
Pitching: RHP John Jones
Batting: RHB Pablo Velásquez 0-0: Swinging Strike
0-1: Called Strike
0-2: Ball
1-2: Strikes out swinging
Batting: RHB John Miller 0-0: Called Strike
0-1: Ball
1-1: Ball
2-1: Swinging Strike
2-2: Strikes out swinging
Batting: SHB Arnold Maddox 0-0: Ground out U3 (Groundball, 3S)
Top of the 1st over - 0 run(s), 0 hit(s), 0 error(s), 0 left on base; Northwestern 0 - Georgetown 0
BOTTOM OF THE 1ST
Georgetown Hoyas batting - Pitching for Northwestern Wildcats : RHP Michael Peterson
Pitching: RHP Michael Peterson
Batting: LHB Ken Bullard 0-0: Called Strike
0-1: Ball
1-1: Fly out, F5 (Popup, 5D)
Batting: SHB Jeffrey MacNeill 0-0: Ground out 4-3 (Groundball, 4M)
Batting: LHB Miguel Barrón 0-0: Ball
1-0: Ball
2-0: TRIPLE (Flyball, 8LM)
Batting: LHB Alan McGilroy 0-0: Ball
1-0: Called Strike
1-1: Ground out 1-3 (Groundball, 23)
Bottom of the 1st over - 0 run(s), 1 hit(s), 0 error(s), 1 left on base; Northwestern 0 - Georgetown 0
TOP OF THE 2ND
Northwestern Wildcats batting - Pitching for Georgetown Hoyas : RHP John Jones
Batting: RHB Robbie Davis 0-0: Fly out, F9 (Flyball, 9M)
Batting: RHB Woody Hall 0-0: Called Strike
0-1: Fly out, F7 (Line Drive, 78D)
Batting: RHB Truman Younger 0-0: Ball
1-0: Called Strike
1-1: Ground out 5-3 (Groundball, 5L)
Top of the 2nd over - 0 run(s), 0 hit(s), 0 error(s), 0 left on base; Northwestern 0 - Georgetown 0
BOTTOM OF THE 2ND
Georgetown Hoyas batting - Pitching for Northwestern Wildcats : RHP Michael Peterson
Batting: RHB Ron King 0-0: Called Strike
0-1: Ball
1-1: Ball
2-1: Ball
3-1: Fly out, F8 (Flyball, 8RM)
Batting: LHB Tim Rose 0-0: Called Strike
0-1: Ball
1-1: Ball
2-1: Foul Ball, location: 2F
2-2: SINGLE (Groundball, 34)
Batting: SHB Miguel Angel Gutiérrez 0-0: Ball
1-0: Swinging Strike
Pickoff Throw to First - Out!
1-1: Foul Ball, location: 2F
1-2: Foul Ball, location: 2F
1-2: SINGLE (Groundball, 6M)
Batting: SHB Edward Weber 0-0: SINGLE (Flyball, 78M)
Miguel Angel Gutiérrez to second
Batting: LHB José De La Cruz 0-0: Ball
1-0: Fly out, F7 (Line Drive, 7LM)
Bottom of the 2nd over - 0 run(s), 3 hit(s), 0 error(s), 2 left on base; Northwestern 0 - Georgetown 0
TOP OF THE 3RD
Northwestern Wildcats batting - Pitching for Georgetown Hoyas : RHP John Jones
Batting: RHB Thomas Brennan 0-0: Called Strike
0-1: Foul Ball, location: 2F
0-2: Ball
1-2: SINGLE (Line Drive, 4D)
Batting: RHB Howard Russell 0-0: Foul Ball, location: 2F
0-1: Called Strike
0-2: Ball
1-2: Fly out, F7 (Flyball, 7M)
Batting: SHB Tim Taylor 0-0: Ball
1-0: Called Strike
1-1: Ball
2-1: Ball
3-1: Called Strike
3-2: Fielders Choice at 2nd, 1-6 (Groundball, 13)
Batting: RHB Pablo Velásquez 0-0: Ball
1-0: Ball
2-0: Ball
3-0: Called Strike
3-1: Fly out, F7 (Flyball, 78M)
Top of the 3rd over - 0 run(s), 1 hit(s), 0 error(s), 1 left on base; Northwestern 0 - Georgetown 0
BOTTOM OF THE 3RD
Georgetown Hoyas batting - Pitching for Northwestern Wildcats : RHP Michael Peterson
Batting: LHB Ken Bullard 0-0: Ball
1-0: SINGLE (Flyball, 7S)
Batting: SHB Jeffrey MacNeill 0-0: Called Strike
0-1: Ball
1-1: Foul Ball, location: 2F
1-2: Ball
2-2: Foul Ball, location: 2F
2-2: Foul Ball, location: 2F
2-2: SINGLE (Line Drive, 4MD)
Ken Bullard to second
Batting: LHB Miguel Barrón 0-0: Swinging Strike
0-1: Foul Ball, location: 2F
0-2: Ball
1-2: Strikes out looking
Batting: LHB Alan McGilroy 0-0: Swinging Strike
0-1: Swinging Strike
0-2: Ball
1-2: Strikes out swinging
Batting: RHB Ron King 0-0: Called Strike
0-1: Ball
1-1: Foul Ball, location: 2F
1-2: Fly out, F6 (Popup, 6MS)
Bottom of the 3rd over - 0 run(s), 2 hit(s), 0 error(s), 2 left on base; Northwestern 0 - Georgetown 0
TOP OF THE 4TH
Northwestern Wildcats batting - Pitching for Georgetown Hoyas : RHP John Jones
Batting: RHB John Miller 0-0: Called Strike
0-1: Ball
1-1: Swinging Strike
1-2: Fly out, F7 (Flyball, 7M)
Batting: SHB Arnold Maddox 0-0: Called Strike
0-1: Ball
1-1: Swinging Strike
1-2: Ball
2-2: Strikes out swinging
Batting: RHB Robbie Davis 0-0: Ball
1-0: Foul Ball, location: 2F
1-1: Ball
2-1: Foul Ball, location: 2F
2-2: Ball
3-2: Base on Balls
Batting: RHB Woody Hall 0-0: Called Strike
0-1: Swinging Strike
0-2: Strikes out looking
Top of the 4th over - 0 run(s), 0 hit(s), 0 error(s), 1 left on base; Northwestern 0 - Georgetown 0
BOTTOM OF THE 4TH
Georgetown Hoyas batting - Pitching for Northwestern Wildcats : RHP Michael Peterson
Batting: LHB Tim Rose 0-0: SOLO HOME RUN (Flyball, 9D), Distance : 356 ft
Batting: SHB Miguel Angel Gutiérrez 0-0: Ball
1-0: Called Strike
1-1: Ball
2-1: Ball
3-1: Called Strike
3-2: Foul Ball, location: 2F
3-2: Strikes out looking
Batting: SHB Edward Weber 0-0: Ball
1-0: Ball
2-0: Ball
3-0: Called Strike
3-1: Base on Balls
Batting: LHB José De La Cruz 0-0: Grounds into double play, 6-4-3 (Groundball, 6)
Bottom of the 4th over - 1 run(s), 1 hit(s), 0 error(s), 0 left on base; Northwestern 0 - Georgetown 1
TOP OF THE 5TH
Northwestern Wildcats batting - Pitching for Georgetown Hoyas : RHP John Jones
Batting: RHB Truman Younger 0-0: Called Strike
0-1: SINGLE (Line Drive, 4MD)
Batting: RHB Thomas Brennan 0-0: Swinging Strike
0-1: Ball
1-1: Foul Ball, location: 2F
1-2: Ball
Wild Pitch!
Truman Younger to second
2-2: Foul Ball, location: 2F
2-2: SINGLE (Line Drive, 78S)
Truman Younger to third
Batting: RHB Howard Russell 0-0: Ball
1-0: Fly out, F9 (Flyball, 9M)
Batting: SHB Tim Taylor 0-0: Ball
1-0: Called Strike
1-1: Grounds into double play, 6-4-3 (Groundball, 6)
Top of the 5th over - 0 run(s), 2 hit(s), 0 error(s), 1 left on base; Northwestern 0 - Georgetown 1
BOTTOM OF THE 5TH
Georgetown Hoyas batting - Pitching for Northwestern Wildcats : RHP Michael Peterson
Batting: LHB Ken Bullard 0-0: Called Strike
0-1: Ball
1-1: Ball
2-1: Fly out, F9 (Flyball, 89XD)
Batting: SHB Jeffrey MacNeill 0-0: Ground out 6-3 (Groundball, 6M)
Batting: LHB Miguel Barrón 0-0: Fly out, F7 (Flyball, 7M)
Bottom of the 5th over - 0 run(s), 0 hit(s), 0 error(s), 0 left on base; Northwestern 0 - Georgetown 1
TOP OF THE 6TH
Northwestern Wildcats batting - Pitching for Georgetown Hoyas : RHP John Jones
Batting: RHB Pablo Velásquez 0-0: Ball
1-0: Ground out 1-3 (Groundball, 13)
Batting: RHB John Miller 0-0: Ground out 5-3 (Groundball, 56S)
Batting: SHB Arnold Maddox 0-0: Ball
1-0: Ball
2-0: Ground out 4-3 (Groundball, 34D)
Top of the 6th over - 0 run(s), 0 hit(s), 0 error(s), 0 left on base; Northwestern 0 - Georgetown 1
BOTTOM OF THE 6TH
Georgetown Hoyas batting - Pitching for Northwestern Wildcats : RHP Michael Peterson
Batting: LHB Alan McGilroy 0-0: Called Strike
0-1: Ball
1-1: Foul Ball, location: 2F
1-2: Ball
2-2: Fly out, F5 (Popup, 5SF)
Batting: RHB Ron King 0-0: Ball
1-0: Ball
2-0: Ball
3-0: Base on Balls
Batting: LHB Tim Rose 0-0: Ball
1-0: Ball
2-0: Ball
3-0: Called Strike
3-1: SINGLE (Groundball, 4MD)
Ron King to second
Pitching: RHP Júlio Ortíz
Batting: SHB Miguel Angel Gutiérrez 0-0: Ball
1-0: Ball
2-0: Ball
3-0: Base on Balls
Ron King to third
Tim Rose to second
Batting: SHB Edward Weber 0-0: Ball
1-0: Swinging Strike
1-1: Swinging Strike
1-2: Ball
2-2: Ball
3-2: Base on Balls
Ron King scores
Tim Rose to third
Miguel Angel Gutiérrez to second
Batting: LHB José De La Cruz 0-0: Swinging Strike
0-1: Ball
1-1: Ball
2-1: Foul Ball, location: 2F
2-2: Foul Ball, location: 2F
2-2: Grounds into double play, U6-3 (Groundball, 6M)
Bottom of the 6th over - 1 run(s), 1 hit(s), 0 error(s), 2 left on base; Northwestern 0 - Georgetown 2
TOP OF THE 7TH
Northwestern Wildcats batting - Pitching for Georgetown Hoyas : RHP John Jones
Batting: RHB Robbie Davis 0-0: Ball
1-0: Swinging Strike
1-1: Swinging Strike
1-2: Ball
2-2: Strikes out swinging
Batting: RHB Woody Hall 0-0: Ball
1-0: Called Strike
1-1: Called Strike
1-2: Strikes out swinging
Batting: RHB Truman Younger 0-0: Foul Ball, location: 2F
0-1: Ball
1-1: Foul Ball, location: 2F
1-2: Strikes out swinging
Top of the 7th over - 0 run(s), 0 hit(s), 0 error(s), 0 left on base; Northwestern 0 - Georgetown 2
BOTTOM OF THE 7TH
Georgetown Hoyas batting - Pitching for Northwestern Wildcats : RHP Júlio Ortíz
Batting: LHB Ken Bullard 0-0: Foul Ball, location: 2F
0-1: Ball
1-1: Reached on error, E1 (Groundball, 15)
Batting: SHB Jeffrey MacNeill 0-0: Called Strike
0-1: Foul Ball, location: 2F
0-2: Fly out, F6 (Popup, 6)
Batting: LHB Miguel Barrón 0-0: Ball
Ken Bullard steals 2nd base
1-0: Ball
2-0: Ball
3-0: Base on Balls
Batting: LHB Alan McGilroy 0-0: Foul Ball, location: 2F
0-1: Foul Ball, location: 2F
0-2: Ball
1-2: Fielders Choice at 2nd, 3-6 (Groundball, 3)
Ken Bullard to third
Batting: RHB Ron King 0-0: Ball
1-0: Called Strike
1-1: Foul Ball, location: 2F
1-2: Strikes out looking
Bottom of the 7th over - 0 run(s), 0 hit(s), 1 error(s), 2 left on base; Northwestern 0 - Georgetown 2
TOP OF THE 8TH
Northwestern Wildcats batting - Pitching for Georgetown Hoyas : RHP John Jones
Pitching: RHP Paul McNeal
Batting: RHB Thomas Brennan 0-0: Called Strike
0-1: SINGLE (Groundball, 56D) (infield hit)
Pitching: RHP William López
Batting: RHB Howard Russell 0-0: Ball
1-0: Called Strike
1-1: Called Strike
1-2: Ball
2-2: Ball
3-2: Base on Balls
Thomas Brennan to second
Pitching: LHP Jeffrey Glass
Batting: SHB Tim Taylor 0-0: Ball
1-0: Swinging Strike
1-1: Grounds into double play, 6-4-3 (Groundball, 6)
Thomas Brennan to third
Pitching: RHP Jake Gilman
Batting: RHB Pablo Velásquez 0-0: Called Strike
0-1: Ball
1-1: Foul Ball, location: 2F
1-2: Fly out, F4 (Line Drive, 4M)
Top of the 8th over - 0 run(s), 1 hit(s), 0 error(s), 1 left on base; Northwestern 0 - Georgetown 2
BOTTOM OF THE 8TH
Georgetown Hoyas batting - Pitching for Northwestern Wildcats : RHP Júlio Ortíz
Batting: LHB Tim Rose 0-0: Ball
1-0: Ball
2-0: Called Strike
2-1: Called Strike
2-2: Ball
3-2: DOUBLE (Flyball, 89M) - OUT at third base trying to stretch hit.
Pitching: RHP Harlan Bruce
Batting: SHB Miguel Angel Gutiérrez 0-0: Ground out 4-3 (Groundball, 34)
Batting: SHB Edward Weber 0-0: Ball
1-0: Ground out 1-3 (Groundball, 13S)
Bottom of the 8th over - 0 run(s), 1 hit(s), 0 error(s), 0 left on base; Northwestern 0 - Georgetown 2
TOP OF THE 9TH
Northwestern Wildcats batting - Pitching for Georgetown Hoyas : RHP Jake Gilman
Pitching: RHP Joe Morgan
Now at C: Emmett Kinch
Batting: RHB John Miller 0-0: Ball
1-0: Ball
2-0: Ground out 5-3 (Groundball, 5S)
Batting: SHB Arnold Maddox 0-0: Called Strike
0-1: Swinging Strike
0-2: Strikes out looking
Batting: RHB Robbie Davis 0-0: Ball
1-0: Called Strike
1-1: Fly out, F7 (Flyball, 7D)
Top of the 9th over - 0 run(s), 0 hit(s), 0 error(s), 0 left on base; Northwestern 0 - Georgetown 2
This league is powered by Out of the Park Baseball, the baseball management simulation game for PC, Mac and Linux
Wednesday, December 2nd, 2015 - OOTP Baseball 16.8 Build 38